 Dungeon Crawl Stone Soup version 0.20.1-1-g8b1a95d (console) character file.

128 hilaritas the Chiller (level 4, 0/24 HPs)
             Began as a Deep Elf Ice Elementalist on Aug 30, 2017.
             Slain by a centaur zombie (1 damage)
             ... on level 3 of the Dungeon.
             The game lasted 00:06:33 (3156 turns).

hilaritas the Chiller (Deep Elf Ice Elementalist)   Turns: 3156, Time: 00:06:34

Health: 0/24       AC:  4    Str:  6    XL:     4   Next: 87%
Magic:  1/12       EV: 12    Int: 20    God:
Gold:   33         SH:  0    Dex: 15    Spells: 2/12 levels left

rFire    . . .     SeeInvis .   e - +0 dagger
rCold    . . .     Gourm    .   (no shield)
rNeg     . . .     Faith    .   l - +0 leather armour (curse)
rPois    .         Spirit   .   (no helmet)
rElec    .         Reflect  .   d - +0 cloak
rCorr    .         Harm     .   (no gloves)
MR       .....                  (no boots)
Stlth    ++........             (no amulet)
Regen    0.1/turn               (no ring)
MPRegen  0.2/turn               (no ring)

@: flying, very slightly contaminated
A: no striking features
a: no special abilities


You were on level 3 of the Dungeon.
You were not hungry.

You visited 1 branch of the dungeon, and saw 3 of its levels.

You collected 33 gold pieces.

Inventory:

Hand Weapons
 e - a +0 dagger (weapon)
Missiles
 g - 62 stones (quivered)
 k - 16 arrows
Armour
 a - a +0 robe
 d - a +0 cloak (worn)
 l - a cursed +0 leather armour (worn)
Scrolls
 h - a scroll of immolation {unknown}
 i - 3 scrolls of amnesia {unknown}
 j - 11 scrolls of identify {unknown}
 m - a scroll of random uselessness {unknown}
 n - a scroll of recharging {unknown}
 p - a scroll of fog {unknown}
Books
 b - a book of Frost

   Spells                             Type                      Level
   a - Freeze                         Ice                          1
   b - Throw Frost                    Conjuration/Ice              2
   c - Ozocubu's Armour               Charms/Ice                   3
   d - Throw Icicle                   Conjuration/Ice              4
   e - Summon Ice Beast               Ice/Summoning                4
Comestibles
 c - a royal jelly
 f - 2 meat rations


   Skills:
 - Level 2.4 Dodging
 - Level 2.4 Stealth
 * Level 4.7 Spellcasting
 - Level 2.1 Conjurations
 - Level 5.0 Ice Magic


You had 2 spell levels left.
You knew the following spells:

 Your Spells              Type           Power        Failure   Level  Hunger
a - Freeze                Ice            ###.         2%          1    None
b - Throw Frost           Conj/Ice       ###...       6%          2    #......
c - Ozocubu's Armour      Chrm/Ice       ##......     21%         3    ##.....
d - Throw Icicle          Conj/Ice       ###.....     38%         4    ####...


Dungeon Overview and Level Annotations

Branches:
Dungeon (3/15)

Altars:


Message History

The jackal moves out of view.
The centaur zombie closely misses you. The centaur zombie hits you.
* * * LOW HITPOINT WARNING * * *
A jackal comes into view.
Casting: Freeze
Confirm with . or Enter, or press ? or * to list all spells.
Aiming: Freeze
Press: ? - help, Shift-Dir - straight line, f - worm, p - centaur zombie
Aim: a worm You freeze the worm.
The worm is moderately wounded.
The jackal barks!
The centaur zombie hits you.
* * * LOW HITPOINT WARNING * * *
The worm bites you but does no damage.
You hit the worm but do no damage.
The worm is lightly wounded.
The centaur zombie hits you but does no damage.
The centaur zombie hits you.
You die...

# #.#.#. #. #..#.# ..
<.#.## #.##..#.#
#.######.## ........# .
##..# #..#
h.......w####.#.#.#.####..#
#. ..........<..
.....>...... . ...##.h...
###.##..... . ..##..>####.#
#....#... #. #.##..hZ@w..#
#......#. #.##.###..####.#
###.....#.. #.........# #
#..........
##.#..#..####.###......<..#
#..#.#.......##..........#
##.###..#.......#........##
#.## ##.#.###..###.......##
##.###.##.# ###.#........#.
##.#.###.# #.#.#..#..#.


You could see a worm, a centaur zombie and 2 jackals.

Vanquished Creatures
  A gnoll (D:1)
  3 adders (D:2)
  An adder zombie (D:2)
  An adder skeleton (D:2)
  3 worms
  7 dart slugs
  A leopard gecko (D:1)
  A ball python (D:3)
  3 giant cockroaches
  4 hobgoblins
  4 jackals (D:1)
  2 quokkas (D:2)
  10 bats
  2 frilled lizards (D:1)
  2 giant cockroach zombies (D:2)
  5 goblins
  4 kobolds (D:1)
  A leopard gecko skeleton (D:2)
  9 rats
64 creatures vanquished.

Notes
Turn   | Place    | Note
-------+----------+-------------------------------------------
     0 | D:1      | hilaritas the Deep Elf Ice Elementalist began the quest for the Orb.
     0 | D:1      | Reached XP level 1. HP: 10/10 MP: 6/6
   196 | D:1      | Reached skill level 4 in Ice Magic
   196 | D:1      | Reached XP level 2. HP: 10/15 MP: 4/8
   338 | D:1      | Learned a level 2 spell: Throw Frost
   586 | D:1      | Reached XP level 3. HP: 19/19 MP: 6/9
   596 | D:1      | Learned a level 3 spell: Ozocubu's Armour
  1522 | D:2      | Reached skill level 5 in Ice Magic
  1654 | D:2      | Reached XP level 4. HP: 2/24 MP: 1/10
  1657 | D:2      | HP: 1/24 [giant cockroach zombie (1)]
  2534 | D:2      | Learned a level 4 spell: Throw Icicle
  3155 | D:3      | HP: 1/24 [centaur zombie (2)]
  3156 | D:3      | Slain by a centaur zombie

Skill      XL: |  1  2  3  4 |
---------------+-------------+-----
Ice Magic      | 4 5 |  5.0
Conjurations   | 2 |  2.1
Spellcasting   | 4 |  4.7
Dodging        | |  2.4
Stealth        | |  2.4

Action                   |  1- 3 |  4- 6 || total
-------------------------+-------+-------++-------
Melee: Dagger            |    11 |    31 ||    42
 Cast: Freeze            |    58 |    49 ||   107
       Throw Frost       |     3 |    16 ||    19
  Use: Scroll            |     1 |       ||     1
       Potion            |     2 |     1 ||     3
  Eat: Chunk             |     1 |       ||     1
       Bread ration      |       |     1 ||     1
       Royal jelly       |       |     1 ||     1
Armor: Robe              |     8 |    16 ||    24
       Leather armour    |       |     5 ||     5
Dodge: Dodged            |    38 |    45 ||    83
